 Dungeon Crawl Stone Soup version 0.22-a0-460-g49b1da7 (webtiles) character file.

1889 Kryn the Ruffian (level 8, -8/75 HPs)
             Began as a Troll Fighter on June 10, 2018.
             Was an Initiate of Makhleb.
             Mangled by a merfolk
             ... wielding a cursed -3 spear
             ... created by the fury of Okawaru
              (16 damage)
             ... on level 7 of the Dungeon.
             The game lasted 01:15:32 (6689 turns).

Kryn the Ruffian (Troll Fighter)                    Turns: 6689, Time: 01:15:33

Health: -8/75      AC: 10    Str: 27    XL:     8   Next: 92%
Magic:  7/7        EV:  9    Int:  4    God:    Makhleb [......]
Gold:   411        SH: 10    Dex: 11    Spells: 7/7 levels left

rFire    . . .     SeeInvis .     - Unarmed
rCold    . . .     Gourm    +   b - +0 shield
rNeg     . . .     Faith    .   Q - +0 swamp dragon scales
rPois    +         Spirit   .   (helmet restricted)
rElec    .         Reflect  .   (no cloak)
rCorr    .         Harm     .   (gloves unavailable)
MR       +....                  (boots unavailable)
Stlth    +.........             m - amulet of regeneration
HPRegen  1.02/turn              w - ring of protection from magic
MPRegen  0.10/turn              M - +2 ring of dexterity

@: no status effects
A: large, unfitting armour, claws 3, fast metabolism 3, gourmand, regeneration
1, shaggy fur 1, tough skin 2
a: Renounce Religion


You were on level 7 of the Dungeon.
You worshipped Makhleb.
Makhleb was noncommittal.
You were not hungry.

You visited 2 branches of the dungeon, and saw 8 of its levels.

You collected 411 gold pieces.

Inventory:

Hand Weapons
 a - a +0 hand axe of venom
 j - a +0 broad axe
 k - a +0 short sword
 q - a +0 shortbow
 s - a +0 dagger of protection
 u - a +0 dagger
 v - a +0 hunting sling
 x - a cursed -1 dagger
 E - a +1 spear of piercing
 I - a +0 falchion
 K - a +0 giant spiked club
 N - a +0 flail
 O - a +0 war axe
Missiles
 e - 241 stones (quivered)
 f - 51 sling bullets
 o - 79 arrows
 z - 33 poisoned needles
Armour
 b - a +0 shield (worn)
 G - a +1 pair of boots
 J - a +0 helmet
 P - a +3 scale mail
 Q - +0 swamp dragon scales (worn)
Jewellery
 m - an amulet of regeneration (around neck)
 w - a ring of protection from magic (left claw)
 M - a +2 ring of dexterity (right claw)
Wands
 g - a wand of clouds (3)
Scrolls
 h - 2 scrolls of enchant weapon {unknown}
 l - 3 scrolls of enchant armour {unknown}
 n - 2 scrolls of teleportation {unknown}
 p - 4 scrolls of identify
 t - 2 scrolls of immolation {unknown}
 y - 3 scrolls of magic mapping {unknown}
 A - 2 scrolls of blinking {unknown}
 B - 3 scrolls of remove curse {unknown}
 F - 2 scrolls of fear {unknown}
 L - a scroll of random uselessness {unknown}
Potions
 c - 4 potions of might
 i - 4 potions of curing
 C - 3 potions of flight {unknown}
 H - a potion of cancellation {unknown}
Comestibles
 d - 18 rations


   Skills:
 + Level 3.3 Fighting
 + Level 3.5 Throwing
 + Level 1.7 Armour
 + Level 4.5 Dodging
 + Level 1.2 Stealth
 + Level 4.5 Shields
 + Level 7.5 Unarmed Combat


You had 7 spell levels left.
You didn't know any spells.
Your spell library contained the following spells:

 Spells                   Type           Power        Failure   Level  Hunger
 Fireball                 Conj/Fire      #.........   100%        5    ######.
 Conjure Flame            Conj/Fire      #.......     100%        3    ####...
 Confuse                  Hex            #.......     100%        3    ####...
 Throw Flame              Conj/Fire      #.....       97%         2    ###....
 Sticky Flame             Conj/Fire      #.......     100%        4    #####..
 Tukima's Dance           Hex            #.......     100%        3    ####...
 Flame Tongue             Conj/Fire      #....        91%         1    ##.....
 Ensorcelled Hibernation  Hex/Ice        #.....       97%         2    ###....
 Corona                   Hex            #......      91%         1    ##.....
 Inner Flame              Hex/Fire       #.......     100%        3    ####...
 Dazzling Spray           Conj/Hex       #.....       100%        3    ####...


Dungeon Overview and Level Annotations

Branches:
Dungeon (7/15)             Temple (1/1) D:7

Altars:
Ashenzari
Cheibriados
Dithmenos
Elyvilon
Fedhas
Hepliaklqana
Kikubaaqudgha
Makhleb
Nemelex Xobeh
Okawaru
Qazlal
Sif Muna
Trog
Uskayaw
Vehumet
Wu Jian
Xom
Yredelemnul
Zin
The Shining One

Shops:
D:4 *([

Annotations:
D:4 Shops


Innate Abilities, Weirdness & Mutations

You are too large for most types of armour.
You have claws for hands.
Your metabolism is lightning-fast.
You like to eat raw meat.
Your natural rate of healing is unusually fast.
You are covered in fur. (AC +1)
You have very tough skin. (AC +2)


Message History

The cyclops throws a large rock.
You block the large rock.
The large rock disappears in a puff of smoke!
The merfolk impaler hits you from afar with a demon trident of electrocution.
* * * LOW HITPOINT WARNING * * *
The orc warrior throws a tomahawk.
The tomahawk barely misses you.
The tomahawk disappears in a puff of smoke!
The merfolk hits you with a spear!
* * * LOW HITPOINT WARNING * * *
The orc warrior throws a tomahawk.
The tomahawk hits you.
* * * LOW HITPOINT WARNING * * *
The tomahawk disappears in a puff of smoke!
You block the merfolk's attack. The merfolk misses you.
The orc warrior throws a tomahawk.
The tomahawk barely misses you.
The tomahawk disappears in a puff of smoke!
The merfolk barely misses you.
The orc warrior throws a tomahawk.
The tomahawk hits you but does no damage.
The tomahawk disappears in a puff of smoke!
The merfolk hits you from afar with a spear!
You die...

#.######.## # #.#...#.... ..
######## #.#......##
(..#######......#######.#...##.##
(.(.o(†.##.#o##m#........#.###.#.
..####o.....C.#.#.###.....>###.##
##o##..ommm#.# #.#........##
###...h...#.###.##.#######
#....o...@........#
##.......#####.#### #
##.....######.#### ## #....##
#.......# ##. ........ #.##.##.##
##.. #.#.>.##.###.##.#...####...
.......................'...
#.#...##.###.##......###...
#.##.....#...#####.#.# ##..


You could see a merfolk impaler, 3 merfolk, a cyclops, an orc warrior, a hound,
an orc wizard and an orc.

Vanquished Creatures
  A cyclops (D:7)
  A sky beast (D:5)
  A black bear (D:7)
  An ice beast (D:6)
  A phantom (D:4)
  3 ogres
  A centaur (D:5)
  A bullfrog (D:7)
  4 scorpions
  3 vampire bats (D:5)
  A crimson imp (D:5)
  A bullfrog zombie (D:6)
  3 orc priests
  3 jellies
  2 hounds
  Jessica (D:2)
  2 bullfrog skeletons
  3 iguanas
  2 orc wizards
  3 worker ants
  6 adders
  3 gnolls (D:3)
  3 shadow imps
  4 oozes
  An adder skeleton (D:5)
  A worm (D:4)
  A dart slug (D:1)
  3 leopard geckos
  16 orcs
  15 bats
  A bat skeleton (D:5)
  3 bat zombies (D:5)
  13 goblins
  8 hobgoblins
  7 jackals
  5 kobolds
  A quokka (D:3)
  5 ball pythons
  4 frilled lizards
  7 rats
  2 bushes (D:2)
  A fungus (D:4)
  A plant (D:6)
149 creatures vanquished.

Notes
Turn   | Place    | Note
-------+----------+-------------------------------------------
     0 | D:1      | Kryn the Troll Fighter began the quest for the Orb.
     0 | D:1      | Reached XP level 1. HP: 22/22 MP: 0/0
   129 | D:1      | Reached XP level 2. HP: 29/29 MP: 1/1
   407 | D:1      | Reached XP level 3. HP: 36/36 MP: 2/2
   862 | D:2      | Noticed Jessica
   867 | D:2      | Killed Jessica
   867 | D:2      | Reached XP level 4. HP: 44/44 MP: 3/3
  1851 | D:3      | Reached skill level 3 in Unarmed Combat
  2044 | D:3      | Reached XP level 5. HP: 46/50 MP: 4/4
  2369 | D:3      | Found a shattered altar of Ashenzari.
  2868 | D:3      | Found a hazy altar of Hepliaklqana.
  3066 | D:4      | Reached skill level 4 in Unarmed Combat
  3161 | D:4      | Reached skill level 1 in Stealth
  3161 | D:4      | Reached XP level 6. HP: 56/61 MP: 5/5
  3198 | D:4      | Found Zuullut's Weapon Shoppe.
  3318 | D:4      | Found a stormy altar of Qazlal.
  3349 | D:4      | Found a blossoming altar of Fedhas.
  3354 | D:4      | Found Azoor's Assorted Antiques.
  3818 | D:4      | Reached XP level 7. HP: 59/67 MP: 6/6
  3920 | D:4      | Found Afahuf's Armour Shoppe.
  4025 | D:4      | You fall through a shaft!
  4025 | D:5      | Entered Level 5 of the Dungeon
  4056 | D:5      | Reached skill level 5 in Unarmed Combat
  4136 | D:5      | Reached skill level 1 in Throwing
  4345 | D:5      | Reached skill level 6 in Unarmed Combat
  4384 | D:5      | Reached XP level 8. HP: 75/75 MP: 7/7
  4681 | D:5      | Found an ancient bone altar of Kikubaaqudgha.
  5113 | D:6      | Found a snail-covered altar of Cheibriados.
  5240 | D:6      | Reached skill level 7 in Unarmed Combat
  5349 | D:6      | Found an ornate altar of the Wu Jian Council.
  5349 | D:6      | Found a hide-covered altar of Uskayaw.
  5531 | D:6      | Found a sparkling altar of Nemelex Xobeh.
  5581 | D:6      | Found an iron altar of Okawaru.
  5599 | D:6      | Became a worshipper of Warmaster Okawaru
  6012 | D:7      | Reached skill level 1 in Armour
  6129 | D:7      | Found a staircase to the Ecumenical Temple.
  6145 | Temple   | Entered the Ecumenical Temple
  6236 | Temple   | Fell from the grace of Okawaru
  6236 | Temple   | Became a worshipper of Makhleb the Destroyer
  6659 | D:7      | Noticed a cyclops
  6659 | D:7      | Noticed a cyclops
  6672 | D:7      | Killed a cyclops
  6675 | D:7      | Noticed a merfolk impaler
  6675 | D:7      | Noticed a merfolk
  6675 | D:7      | Noticed a merfolk
  6675 | D:7      | Noticed a merfolk
  6689 | D:7      | Mangled by a merfolk

Vault maps used:
D:1:      co_arrival_random_square_maze
D:2:      serial_forest, infiniplex_forest_lined_3, infiniplex_forest_clump_C,
          infiniplex_forest_end_double, infiniplex_forest_clump_curved,
          infiniplex_forest_clump_curved, infiniplex_forest_clump_cross,
          infiniplex_forest_clump_double, uniq_jessica
D:3:      lemuel_round_altar, nicolae_overflow_hidden_temple, hex_medium
D:4:      grunt_temple_overflow_forces_of_nature, serial_shops, shop,
          shop_statue, nicolae_shop_competitors_out_of_business
D:5:      kennysheep_vampire_church, first_ration
D:6:      old_standard_altar, kennysheep_mini, gammafunk_temple_overflow_wave,
          basic_altar
D:7:      minmay_temple_entry_grid, uniq_joseph
Temple:   minmay_temple_curvy_loop

Skill      XL: |  1  2  3  4  5  6  7  8 |
---------------+-------------------------+-----
Dodging        | 3 4 |  4.5
Shields        | 3 4 |  4.5
Unarmed Combat | 3 4 6 7 |  7.5
Fighting       | 3 |  3.3
Stealth        | 1 |  1.2
Throwing       | 1 3 |  3.5
Armour         | 1 |  1.7

Action                   |  1- 3 |  4- 6 |  7- 9 || total
-------------------------+-------+-------+-------++-------
Melee: Unarmed           |    99 |   308 |   169 ||   576
Throw: Stone             |     6 |    42 |    29 ||    77
       Tomahawk          |       |       |    41 ||    41
  Use: Scroll            |       |     2 |       ||     2
       Potion            |       |       |     1 ||     1
 Stab: Distracted        |       |     1 |       ||     1
  Eat: Chunk             |    11 |    30 |    22 ||    63
Armor: Robe              |    48 |    51 |    15 ||   114
       Swamp dragon scal |       |       |    25 ||    25
Dodge: Dodged            |    40 |    53 |    62 ||   155
Block: Shield            |    55 |    89 |    65 ||   209

Table legend:
 A = Spawn XP
 B = Non-spawn XP
 C = Spawn XP percentage of total XP
 D = Spawn monster count
 E = Non-spawn monster count
 F = Spawn count percentage of total count
 G = Total turns spent on level
                    A         B        C        D         E        F      G
               +---------+---------+-------+---------+---------+-------+---------
         Total |       0 |    2699 |   0.0 |       0 |     144 |   0.0 |  6689
               +---------+---------+-------+---------+---------+-------+---------
           D:1 |       0 |      56 |   0.0 |       0 |      28 |   0.0 |   692
           D:2 |       0 |      82 |   0.0 |       0 |      17 |   0.0 |   990
           D:3 |       0 |     152 |   0.0 |       0 |      34 |   0.0 |  1371
           D:4 |       0 |     578 |   0.0 |       0 |      15 |   0.0 |   980
           D:5 |       0 |     790 |   0.0 |       0 |      26 |   0.0 |   889
           D:6 |       0 |     552 |   0.0 |       0 |      14 |   0.0 |  1076
           D:7 |       0 |     489 |   0.0 |       0 |      10 |   0.0 |   400
               +---------+---------+-------+---------+---------+-------+---------
